[Event "ICC Open 2015"]
[Site "Internet Chess Club"]
[Date "2015.05.30"]
[Round "1"]
[White "ivancele"]
[Black "PJJVenegas"]
[Result "0-1"]
[ICCResult "White resigns"]
[WhiteElo "1598"]
[BlackElo "2263"]
[Opening "Queen's pawn game"]
[ECO "E10"]
[NIC "QI.01"]
[Time "19:03:50"]
[TimeControl "180+0"]

1. d4 Nf6 2. c4 e6 3. Nf3 d5 4. Nbd2 Be7 5. e3 O-O 6. b3 c5 7. Bb2 Nc6 8.
Be2 b6 9. O-O Bb7 10. Rc1 Rc8 11. Ne5 dxc4 12. Ndxc4 cxd4 13. Nxc6 Bxc6 14.
Qxd4 Qxd4 15. Bxd4 Rfd8 16. Rfd1 Ne4 17. f3 Nc5 18. Ne5 Be8 19. e4 Bg5 20.
Rb1 Rxd4 21. Rxd4 Be3+ 22. Kf1 Bxd4 23. Nc4 Bb5 24. Nd6 Bxe2+ 25. Kxe2 Rd8
26. Nb5 Be5 27. Nxa7 Ra8 28. Nc6 Rxa2+ 29. Kf1 Bxh2 30. b4 Nd3 {White
resigns} 0-1

[Event "ICC Open 2015"]
[Site "Internet Chess Club"]
[Date "2015.05.30"]
[Round "1"]
[White "Massarioli"]
[Black "Bravado"]
[Result "0-1"]
[ICCResult "White forfeits on time"]
[WhiteElo "2140"]
[BlackElo "1574"]
[Opening "Queen's gambit declined"]
[ECO "D30"]
[NIC "QO.17"]
[Time "19:03:23"]
[TimeControl "180+0"]

1. d4 e6 2. c4 d5 3. e3 c6 4. Nf3 Nf6 5. b3 Nbd7 6. Bb2 Bd6 7. Bd3 dxc4 8.
bxc4 O-O 9. O-O b6 10. e4 Bb8 11. e5 Ne8 12. Bc1 Bb7 13. Nc3 Nc7 14. Bxh7+
Kh8 15. Ng5 g6 16. Qf3 Kg7 17. Nce4 c5 18. Qh3 Bxe4 19. Nxe6+ fxe6 20. Bh6+
Kf7 21. Rae1 Bf5 22. g4 Rh8 23. gxf5 Rxh7 24. fxg6+ Kxg6 25. Re4 Rxh6 26.
Rg4+ Kh7 27. Qd3+ Kh8 28. Kh1 Nxe5 29. Rg8+ Qxg8 30. dxe5 Ne8 31. Rg1 Ng7
32. Qg3 Bxe5 33. Qxe5 Rf8 34. Qg5 Rff6 35. f4 Rfg6 36. Qe5 Rxg1+ 37. Kxg1
Rg6+ 38. Kf2 Qf7 {White forfeits on time} 0-1

[Event "ICC Open 2015"]
[Site "Internet Chess Club"]
[Date "2015.05.30"]
[Round "1"]
[White "Werewolf"]
[Black "Steingrim89"]
[Result "1-0"]
[ICCResult "Black checkmated"]
[WhiteElo "2213"]
[BlackElo "1586"]
[Opening "French: Rubinstein variation"]
[ECO "C03"]
[NIC "FR.07"]
[Time "19:03:02"]
[TimeControl "180+0"]

1. e4 e6 2. d4 d5 3. Nd2 dxe4 4. Nxe4 Nd7 5. Nf3 Ngf6 6. Nxf6+ Nxf6 7. Bd3
Be7 8. Bd2 O-O 9. Qe2 b6 10. Ne5 Bb7 11. c3 c5 12. dxc5 Bxc5 13. O-O-O Qe7
14. Bg5 Rfd8 15. Ng4 Kh8 16. Nxf6 gxf6 17. Bh6 Rg8 18. Bxh7 Rg7 19. Bxg7+
Kxg7 20. Be4 f5 21. Bxb7 Qxb7 22. f3 Qc7 23. Rhe1 Qf4+ 24. Kb1 Qxh2 25. Rd7
Rh8 26. Qxe6 Qh5 27. Qe5+ Kg6 28. a3 Rh7 29. Qd5 Kg5 30. f4+ Kg4 31. Qf3+
Kh4 32. Qh3# {Black checkmated} 1-0

[Event "ICC Open 2015"]
[Site "Internet Chess Club"]
[Date "2015.05.30"]
[Round "1"]
[White "ErnestoRondon"]
[Black "CrossShark"]
[Result "0-1"]
[ICCResult "White forfeits on time"]
[WhiteElo "1870"]
[BlackElo "2678"]
[Opening "Nimzo-Indian: Romanishin-Kasparov (Steiner) system"]
[ECO "E20"]
[NIC "NI.29"]
[Time "19:03:23"]
[TimeControl "180+0"]

1. d4 e6 2. c4 Nf6 3. Nc3 Bb4 4. g3 O-O 5. Bg2 d5 6. cxd5 exd5 7. Nf3 Re8 8.
O-O Bf5 9. Bg5 c6 10. e3 Nbd7 11. Rc1 h6 12. Bf4 Nf8 13. h3 Ng6 14. Ne5 Bd6
15. Nxg6 Bxg6 16. Bxd6 Qxd6 17. a3 a5 18. Re1 Re7 19. Na4 Rae8 20. Nc5 b6
21. Nd3 Nd7 22. Qd2 Bf5 23. f4 Qe6 24. Kh2 h5 25. Ne5 Nxe5 26. fxe5 f6 27.
exf6 Qxf6 28. Re2 Qd6 29. h4 Be4 30. Rf1 Bxg2 31. Kxg2 Re4 32. Rf3 Qg6 33.
Ref2 Rxh4 34. Rf1 Rg4 35. R1f2 h4 36. Rf1 Rxg3+ 37. Rxg3 Qxg3+ 38. Kh1 Qxe3
39. Qxe3 Rxe3 40. Rc1 Re6 41. b4 axb4 42. axb4 b5 43. Kg2 g5 44. Kf3 Kg7 45.
Kg4 Kg6 46. Kf3 Kf5 47. Rc2 g4+ 48. Kf2 Kf4 49. Rc3 g3+ 50. Kg2 Kg4 51. Kg1
h3 52. Kf1 h2 53. Kg2 Re2+ 54. Kf1 Rf2+ {White forfeits on time} 0-1

[Event "ICC Open 2015"]
[Site "Internet Chess Club"]
[Date "2015.05.30"]
[Round "1"]
[White "Dictator"]
[Black "thatchessguy"]
[Result "1-0"]
[ICCResult "Black checkmated"]
[WhiteElo "2606"]
[BlackElo "1833"]
[Opening "QGD Slav defense: exchange variation"]
[ECO "D10"]
[NIC "SL.01"]
[Time "19:03:07"]
[TimeControl "180+0"]

1. d4 d5 2. c4 c6 3. cxd5 cxd5 4. Nc3 e6 5. Bf4 Nf6 6. e3 Bd6 7. Bxd6 Qxd6
8. f4 O-O 9. Nf3 Nc6 10. Bd3 a6 11. O-O b5 12. Ne5 Bb7 13. Qf3 Rac8 14. g4
Na5 15. g5 Nd7 16. Qh3 g6 17. Rf3 f6 18. Bxg6 hxg6 19. Nxg6 Kg7 20. Qh6+ Kf7
21. Nxf8 Qxf8 22. g6+ Ke7 23. Qh7+ Kd6 24. f5 Qh8 25. Rh3 Qxh7 26. Rxh7 exf5
27. h4 b4 28. Ne2 Nf8 29. Rg7 Rc2 30. Nf4 Ne6 31. Nxe6 Kxe6 32. h5 Nc4 33.
h6 Nxe3 34. Re1 f4 35. h7 Rg2+ 36. Kh1 Kf5 37. h8=Q Rg5 38. Qh3+ Ng4 39.
Rxb7 f3 40. Qxf3+ Kxg6 41. Ree7 Rh5+ 42. Kg1 Rh2 43. Qxg4+ Kh6 44. Rh7#
{Black checkmated}
1-0

[Event "ICC Open 2015"]
[Site "Internet Chess Club"]
[Date "2015.05.30"]
[Round "1"]
[White "chessrex"]
[Black "karaivosa"]
[Result "0-1"]
[ICCResult "White forfeits on time"]
[WhiteElo "2073"]
[BlackElo "1939"]
[Opening "Blackmar-Diemer gambit"]
[ECO "A45"]
[NIC "QP.07"]
[Time "19:02:44"]
[TimeControl "180+0"]

1. d4 Nf6 2. f3 d5 3. e4 dxe4 4. Nc3 exf3 5. Nxf3 c6 6. Bc4 e6 7. O-O Be7 8.
Bd3 O-O 9. Qe1 b5 10. a3 a5 11. Bg5 Ba6 12. Qh4 g6 13. Ne5 Nd5 14. Nxf7 Rxf7
15. Rxf7 Kxf7 16. Qxh7+ Ke8 17. Bxg6+ Kd7 18. Rf1 Nxc3 19. bxc3 Kd6 20. Bf4+
Kd7 21. Be5 Ra7 22. Rf7 Kc8 23. Qh3 Qd5 24. Qh8+ Qd8 25. Qxd8+ Kxd8 26. Bxb8
Rb7 27. Be5 Bxa3 28. Bf6+ Be7 29. Rf8+ Kd7 30. Be8+ Kd6 31. Be5+ Kd5 32. Rf3
a4 33. Bg6 a3 34. Rf1 a2 35. Ra1 b4 36. Rxa2 Bc4 37. Rb2 b3 38. cxb3 Rxb3
39. Rxb3 Bxb3 40. h4 Kc4 41. h5 Kd5 42. h6 Bf8 43. h7 Bg7 44. Bxg7 Kc4 45.
h8=Q Kxc3 46. Be5 Bd5 {White forfeits on time} 0-1

[Event "ICC Open 2015"]
[Site "Internet Chess Club"]
[Date "2015.05.30"]
[Round "1"]
[White "Providence"]
[Black "holderlin"]
[Result "1-0"]
[ICCResult "Black checkmated"]
[WhiteElo "2418"]
[BlackElo "1733"]
[Opening "Sicilian: Alapin's variation (2.c3)"]
[ECO "B22"]
[NIC "SI.46"]
[Time "19:03:33"]
[TimeControl "180+0"]

1. e4 c5 2. c3 d5 3. exd5 Qxd5 4. d4 Nc6 5. Nf3 Bg4 6. Be2 Nf6 7. h3 Bh5 8.
c4 Qe4 9. Nc3 Qf5 10. g4 Bxg4 11. hxg4 Nxg4 12. Be3 Nb4 13. Qa4+ Kd8 14.
O-O-O Kc8 15. Qe8+ Kc7 16. Qa4 Rd8 17. Nb5+ Kc8 18. Nxa7+ Kb8 19. Nb5 Nxe3
20. fxe3 Qe4 21. Ne5 Qxe3+ 22. Rd2 Rxd4 23. Qa7+ Kc8 24. Qa8# {Black
checkmated} 1-0

[Event "ICC Open 2015"]
[Site "Internet Chess Club"]
[Date "2015.05.30"]
[Round "1"]
[White "Hareaum"]
[Black "DarkThrone"]
[Result "1/2-1/2"]
[ICCResult "Black ran out of time and White has no material to mate"]
[WhiteElo "1761"]
[BlackElo "2444"]
[Opening "Nimzovich-Larsen attack: classical variation"]
[ECO "A01"]
[NIC "VO.08"]
[Time "19:02:57"]
[TimeControl "180+0"]

1. b3 d5 2. Nc3 c6 3. e3 Nf6 4. g3 Bg4 5. Be2 Bxe2 6. Ngxe2 e6 7. f4 h5 8.
Bb2 h4 9. d3 Ng4 10. Qd2 hxg3 11. Nxg3 Nd7 12. O-O-O Bd6 13. h3 Ngf6 14.
Rdg1 g6 15. e4 Qb8 16. e5 Bc7 17. Nge2 Nh5 18. d4 b5 19. Ng3 Ng7 20. Nce2 a5
21. Qc3 Qb7 22. Qd2 a4 23. b4 Nb6 24. a3 Nc4 25. Qc3 Ke7 26. Qf3 Bb6 27. c3
Rh4 28. Rh2 Rah8 29. Rgh1 Qb8 30. Nf1 Qg8 31. Ne3 Nxe3 32. Qxe3 Nf5 33. Qf3
Qh7 34. Ng3 Nxg3 35. Qxg3 Qh6 36. Qg5+ Ke8 37. Qxh6 R8xh6 38. Kb1 Bd8 39.
Bc1 R6h5 40. Kc2 g5 41. fxg5 Bxg5 42. Bxg5 Rxg5 43. Rf2 Rg3 44. Rfh2 Kf8 45.
Kd2 Kg7 46. Re2 Rhxh3 47. Rxh3 Rxh3 48. Rg2+ Kf8 49. Rf2 Rh1 50. Rg2 Ra1 51.
Kd3 Rxa3 52. Rh2 Ra1 53. Rh8+ Ke7 54. Rc8 Kd7 55. Rf8 Rd1+ 56. Kc2 Rf1 57.
Ra8 Rf2+ 58. Kb1 f5 59. exf6 Rxf6 60. Ra7+ Kd6 61. Ra8 Rf1+ 62. Kb2 e5 63.
Rd8+ Kc7 64. Re8 e4 65. Re7+ Kd6 66. Re5 Rf3 67. Ka3 e3 68. Kb2 Rf2+ 69. Ka3
e2 70. Re3 Kc7 71. Re7+ Kb6 72. Re3 Rf3 73. Rxe2 Rxc3+ 74. Kb2 Rc4 75. Ka3
Rxd4 76. Rb2 Rd3+ 77. Ka2 Rb3 78. Rxb3 axb3+ 79. Kxb3 c5 80. bxc5+ Kxc5 81.
Kc3 d4+ 82. Kd2 Kd5 83. Kd3 b4 84. Kd2 b3 85. Kc1 Kc5 86. Kb2 Kc4 87. Kc1 d3
88. Kb2 {Black ran out of time and White has no material to mate} 1/2-1/2

[Event "ICC Open 2015"]
[Site "Internet Chess Club"]
[Date "2015.05.30"]
[Round "1"]
[White "reydelmambo"]
[Black "Tal-Baron"]
[Result "0-1"]
[ICCResult "White forfeits on time"]
[WhiteElo "1982"]
[BlackElo "3040"]
[Opening "Réti: advance variation"]
[ECO "A09"]
[NIC "RE.16"]
[Time "19:03:37"]
[TimeControl "180+0"]

1. Nf3 d5 2. c4 d4 3. e3 Nc6 4. b4 dxe3 5. fxe3 Nxb4 6. d4 e5 7. a3 Nc6 8.
d5 e4 9. Nfd2 Ne5 10. Nxe4 Nf6 11. Ng3 Bd6 12. Be2 O-O 13. Nd2 Nfg4 14. Nf3
Re8 15. Nxe5 Bxe5 16. Bxg4 Bxa1 17. O-O Qh4 18. Qf3 Bxg4 19. Qxf7+ Kh8 20.
Rf4 Be5 21. Re4 Re7 22. Qf2 Bxg3 23. hxg3 Qg5 24. Rf4 h6 25. e4 Rae8 26.
Rf8+ Kh7 27. Bxg5 hxg5 28. Rxe8 Rxe8 29. Qd4 b6 30. e5 Bf5 31. e6 Kg6 32.
Qe5 Re7 33. g4 Bxg4 34. a4 a5 35. Qd4 Bf5 36. Kf2 g4 37. Kg3 Kg5 38. Qf4+
Kf6 39. Kh4 g6 40. Qg5+ Ke5 41. g3 Rh7+ {White forfeits on time} 0-1

[Event "ICC Open 2015"]
[Site "Internet Chess Club"]
[Date "2015.05.30"]
[Round "1"]
[White "manitodeplomo"]
[Black "Cave-Man"]
[Result "1-0"]
[ICCResult "Black resigns"]
[WhiteElo "2643"]
[BlackElo "1841"]
[Opening "QGD: 4.Nf3"]
[ECO "D37"]
[NIC "QI.01"]
[Time "19:03:27"]
[TimeControl "180+0"]

1. d4 Nf6 2. c4 e6 3. Nf3 d5 4. Nc3 Be7 5. Bg5 O-O 6. Qc2 h6 7. Bxf6 Bxf6 8.
O-O-O a6 9. e3 c6 10. h4 b5 11. c5 a5 12. g4 g6 13. Bd3 Bg7 14. e4 b4 15.
Ne2 Ba6 16. e5 Bxd3 17. Qxd3 a4 18. Kb1 b3 19. a3 Qc8 20. Nf4 Qa6 21. Qe3
Nd7 22. h5 g5 23. Nd3 f6 24. exf6 Rxf6 25. Nfe5 Nxe5 26. Nxe5 Qb7 27. Ng6
Qf7 28. Rhf1 Re8 29. Rde1 Rf3 30. Qd2 Qf6 31. Ne5 Rf4 32. Rd1 Rc8 33. f3 Rc7
34. Qe3 Qf8 35. Ng6 Qf6 36. Nxf4 gxf4 37. Qd2 e5 38. dxe5 Qxe5 39. Rfe1 Qf6
40. Re8+ Kf7 41. Rde1 Rd7 42. R8e6 Qd4 43. Qxd4 Bxd4 44. Rxh6 Be3 45. Rh7+
Ke6 46. Rxd7 Kxd7 47. h6 Bd4 48. h7 {Black resigns} 1-0

[Event "ICC Open 2015"]
[Site "Internet Chess Club"]
[Date "2015.05.30"]
[Round "1"]
[White "SlowBlitz"]
[Black "HaraldEskilstu"]
[Result "0-1"]
[ICCResult "White forfeits on time"]
[WhiteElo "1521"]
[BlackElo "2037"]
[Opening "Queen's pawn game, Chigorin variation"]
[ECO "D02"]
[NIC "QP.08"]
[Time "19:03:11"]
[TimeControl "180+0"]

1. d4 d5 2. Nf3 Nc6 3. c4 Bg4 4. Bf4 e6 5. e3 Bb4+ 6. Nc3 Nf6 7. a3 Bxc3+ 8.
bxc3 O-O 9. Be2 Na5 10. cxd5 exd5 11. O-O c6 12. h3 Bh5 13. a4 Ne4 14. Qd3
a6 15. Rfc1 Bxf3 16. Bxf3 f5 17. Be5 Nb3 18. Rcb1 Nxa1 19. Rxb7 Rf7 20. Rxf7
Kxf7 21. Qb1 Qd7 22. Qxa1 Ra7 23. a5 Qb7 24. Bxe4 fxe4 25. Qd1 Qd7 26. Qh5+
Kg8 27. Qg5 Ra8 28. h4 Rf8 29. h5 Qf7 {White forfeits on time} 0-1

[Event "ICC Open 2015"]
[Site "Internet Chess Club"]
[Date "2015.05.30"]
[Round "1"]
[White "Bagelhead"]
[Black "clarinetist"]
[Result "1-0"]
[ICCResult "Black forfeits on time"]
[WhiteElo "2337"]
[BlackElo "1657"]
[Opening "Four knights: Rubinstein counter-gambit, exchange variation"]
[ECO "C48"]
[NIC "KP.03"]
[Time "19:03:28"]
[TimeControl "180+0"]

1. e4 e5 2. Nf3 Nc6 3. Nc3 Nf6 4. Bb5 Nd4 5. Nxd4 exd4 6. Nd5 c6 7. Nxf6+
Qxf6 8. Bc4 Bc5 9. O-O O-O 10. d3 d6 11. a4 Be6 12. Ba2 Rfd8 13. Bd2 d5 14.
b4 Bb6 15. Qh5 dxe4 16. Bg5 Qe5 17. Bxe6 fxe6 18. Qh4 Rd5 19. Bf4 Qf6 20.
Qxf6 gxf6 21. dxe4 Rd7 22. a5 Bc7 23. Bxc7 Rxc7 24. a6 b6 25. f4 Rd8 26.
Rad1 c5 27. b5 c4 28. Rb1 Rc5 29. Kf2 Kf7 30. Rfd1 Rg8 31. g3 Rd8 32. Kf3 e5
33. f5 Ke7 34. g4 h6 35. h4 Rc7 36. g5 hxg5 37. hxg5 fxg5 38. Rh1 Rf8 39.
Rh7+ Rf7 40. Rbh1 c3 41. Rxf7+ {Black forfeits on time} 1-0

[Event "ICC Open 2015"]
[Site "Internet Chess Club"]
[Date "2015.05.30"]
[Round "1"]
[White "PajoPatak"]
[Black "guchess"]
[Result "0-1"]
[ICCResult "White resigns"]
[WhiteElo "1606"]
[BlackElo "2293"]
[Opening "Sicilian: closed"]
[ECO "B23"]
[NIC "SI.44"]
[Time "19:03:27"]
[TimeControl "180+0"]

1. e4 c5 2. Nc3 e6 3. f4 a6 4. Nf3 b5 5. g3 Bb7 6. d3 Qc7 7. Bg2 h5 8. O-O
Nf6 9. f5 b4 10. Ne2 exf5 11. exf5 d5 12. Qe1 Be7 13. Bf4 Qc8 14. Nh4 O-O
15. Be5 Re8 16. Qf2 Nbd7 17. Bf4 Nb6 18. Bd2 Ng4 19. Qf3 Ra7 20. h3 d4 21.
Qf4 Bxg2 22. Kxg2 Nd5 23. Qf3 Bxh4 24. hxg4 Bd8 25. Qxd5 Rxe2+ 26. Rf2 Rxf2+
27. Kxf2 hxg4 28. Bf4 Bf6 29. Rh1 Re7 30. Qg2 Qxf5 31. Qh2 g5 32. Qh5 Re3
33. Kg2 Re2+ 34. Kf1 Rxc2 35. Ke1 Rxb2 36. Bd2 Rb1+ 37. Ke2 Rxh1 38. Qxh1
Qf3+ 39. Qxf3 gxf3+ 40. Kxf3 Be5 41. Ke4 f6 42. Kd5 a5 43. g4 a4 44. Kxc5 b3
45. axb3 a3 46. Bc1 a2 47. Bb2 Kf7 48. b4 Ke7 49. b5 Kd7 50. Kb6 Kc8 51. Ka7
Bb8+ 52. Ka6 Be5 53. b6 Kb8 54. Kb5 Kb7 55. Kc5 f5 56. Kb5 fxg4 {White
resigns} 0-1

[Event "ICC Open 2015"]
[Site "Internet Chess Club"]
[Date "2015.05.30"]
[Round "1"]
[White "ro9991"]
[Black "aplusk"]
[Result "0-1"]
[ICCResult "White forfeits on time"]
[WhiteElo "1934"]
[BlackElo "2937"]
[Opening "QGD: Ragozin variation"]
[ECO "D38"]
[NIC "NI.27"]
[Time "19:04:23"]
[TimeControl "180+0"]

1. d4 Nf6 2. c4 e6 3. Nf3 d5 4. Nc3 Bb4 5. Qa4+ Nc6 6. cxd5 exd5 7. Bg5 h6
8. Bh4 g5 9. Bg3 Ne4 10. Rc1 h5 11. Ne5 Bd7 12. Nxc6 Bxc3+ 13. bxc3 Bxc6 14.
Qc2 h4 15. Be5 f6 16. f3 fxe5 17. fxe4 exd4 18. cxd4 dxe4 19. e3 O-O 20. Be2
Qd6 21. Qc5 Bd5 22. Kd2 Qxc5 23. Rxc5 c6 24. Rf1 Rxf1 25. Bxf1 Rf8 26. Ke1
Kg7 27. Bc4 Rd8 28. Bxd5 Rxd5 29. Rc2 Ra5 30. Kf2 Ra3 31. Re2 g4 32. g3 h3
33. Ke1 Rd3 34. Kf2 Kf6 35. Rc2 Ke6 36. Rb2 b5 37. Rc2 Kd6 38. Ke2 Ra3 39.
Rb2 a5 40. Rc2 b4 41. Kd2 Rd3+ 42. Ke2 a4 43. Rb2 b3 44. axb3 axb3
{White forfeits on time}
0-1

[Event "ICC Open 2015"]
[Site "Internet Chess Club"]
[Date "2015.05.30"]
[Round "1"]
[White "EREBUNI"]
[Black "PeritoGeral"]
[Result "1-0"]
[ICCResult "Black forfeits on time"]
[WhiteElo "3024"]
[BlackElo "1957"]
[Opening "Philidor: Hanham, Krause variation"]
[ECO "C41"]
[NIC "KP.08"]
[Time "19:03:12"]
[TimeControl "180+0"]

1. e4 e5 2. Nf3 d6 3. d4 Nd7 4. Bc4 c6 5. O-O b5 6. Bb3 Be7 7. dxe5 dxe5 8.
Ng5 Bxg5 9. Qh5 Qe7 10. Bxg5 Ngf6 11. Qh4 O-O 12. Nd2 Rd8 13. a4 h6 14. Be3
Bb7 15. Qg3 Nh5 16. Qf3 Nhf6 17. Qe2 Nc5 18. f3 a6 19. Qf2 Nfd7 20. Rfd1 a5
21. Qe2 bxa4 22. Bxa4 Ba6 23. c4 Bb7 24. Nf1 Ne6 25. Ng3 Qb4 26. Nf5 Nb6 27.
b3 Nxa4 28. bxa4 Rxd1+ 29. Qxd1 Rd8 30. Qe1 Kh7 31. Qh4 Rd7 32. c5 Qb2 33.
Qe1 Ba6 34. Rb1 Qc2 35. h4 Rd3 36. h5 Qxa4 37. Kh2 Bb5 38. Qg3 Qc2 39. Rc1
Qb2 40. Re1 Qb4 41. Nd6 Rxd6 42. cxd6 Qxd6 43. Ra1 a4 44. Qe1 Nd4 45. Qc3 c5
46. Qa5 Bd7 47. Rb1 Nb3 48. Qc3 Nd4 49. Rc1 Nb3 50. Bxc5 Qe6 51. Rd1 g6 52.
Rd6 Qe7 53. hxg6+ fxg6 54. Rxd7 {Black forfeits on time} 1-0

[Event "ICC Open 2015"]
[Site "Internet Chess Club"]
[Date "2015.05.30"]
[Round "1"]
[White "pagoda"]
[Black "GGuseinov"]
[Result "0-1"]
[ICCResult "White forfeits on time"]
[WhiteElo "1939"]
[BlackElo "2999"]
[Opening "Robatsch defense"]
[ECO "A00"]
[NIC "VO.15"]
[Time "19:04:12"]
[TimeControl "180+0"]

1. Nc3 g6 2. e4 Bg7 3. d4 c5 4. Be3 cxd4 5. Bxd4 Bxd4 6. Qxd4 f6 7. O-O-O
Nc6 8. Qd2 Qa5 9. Kb1 a6 10. f4 Nh6 11. Nf3 Nf7 12. h4 d6 13. h5 gxh5 14.
Bc4 Bg4 15. Be2 O-O-O 16. Nd4 Nxd4 17. Qxd4 Bxe2 18. Nxe2 Kb8 19. Qd5 Qxd5
20. Rxd5 Rhg8 21. g3 e5 22. Rxh5 exf4 23. gxf4 Rg2 24. Nc1 h6 25. Rdf5 Rg6
26. b3 Re8 27. Ne2 Rxe4 28. Nc3 Re6 29. Nd5 Ka7 30. a4 Nd8 31. Rh2 Nc6 32.
Rfh5 Re1+ 33. Kb2 Rgg1 34. Rxh6 Nd4 35. Rxf6 Ne2 36. a5 Rb1+ 37. Ka3 Nd4 38.
Rf8 Ra1+ 39. Kb4 Nc6+ 40. Kc3 Rxa5 41. Nc7 Rc5+ 42. Kb2 Nb4
{White forfeits on time}
0-1

[Event "ICC Open 2015"]
[Site "Internet Chess Club"]
[Date "2015.05.30"]
[Round "1"]
[White "Catknight"]
[Black "El-Flippo"]
[Result "1-0"]
[ICCResult "Black forfeits on time"]
[WhiteElo "2090"]
[BlackElo "1406"]
[Opening "Nimzo-Indian: three knights variation"]
[ECO "E21"]
[NIC "NI.28"]
[Time "19:03:48"]
[TimeControl "180+0"]

1. d4 Nf6 2. c4 e6 3. Nc3 Bb4 4. Nf3 O-O 5. a3 Be7 6. e4 d5 7. e5 Ne4 8. Bd3
Nxc3 9. bxc3 dxc4 10. Bxc4 b6 11. O-O Bb7 12. Bd3 Nd7 13. Qc2 g6 14. Nd2 c5
15. Be4 Qc7 16. Qd3 cxd4 17. cxd4 Rac8 18. Bb2 Rfd8 19. Rac1 Qb8 20. Qh3
Rxc1 21. Rxc1 Rc8 22. Rxc8+ Qxc8 23. Bxb7 Qxb7 24. g3 Qc6 25. Qf1 Qc2 26.
Qc1 Qxc1+ 27. Bxc1 b5 28. Kf1 Nb6 29. Ke2 a5 30. Kd3 Kg7 31. Ne4 Nc4 32. a4
f5 33. exf6+ Bxf6 34. axb5 Nb6 35. Bd2 Nd5 36. Nxf6 Kxf6 37. Bxa5
{Black forfeits on time}
1-0

[Event "ICC Open 2015"]
[Site "Internet Chess Club"]
[Date "2015.05.30"]
[Round "1"]
[White "LordProtector"]
[Black "pierredams"]
[Result "1-0"]
[ICCResult "Black checkmated"]
[WhiteElo "3066"]
[BlackElo "1994"]
[Opening "Caro-Kann: advance variation"]
[ECO "B12"]
[NIC "CK.04"]
[Time "19:06:24"]
[TimeControl "180+0"]

1. e4 c6 2. d4 d5 3. e5 Bf5 4. Nf3 e6 5. Be2 Nd7 6. O-O Ne7 7. Nbd2 a6 8.
Nh4 Bg6 9. Nxg6 Nxg6 10. Nf3 c5 11. c3 cxd4 12. cxd4 Rc8 13. g3 Be7 14. Be3
O-O 15. h4 Re8 16. h5 Ngf8 17. Bd3 Nb6 18. b3 Nbd7 19. Qe2 Rc3 20. Bd2 Rc8
21. h6 Ng6 22. hxg7 Kxg7 23. Nh2 Rh8 24. Kg2 h5 25. Rh1 h4 26. Ng4 hxg3 27.
fxg3 Qb6 28. Qf2 Rxh1 29. Rxh1 Rh8 30. Bh6+ Kg8 31. Rf1 Rh7 32. Be3 Qd8 33.
Nh6+ Rxh6 34. Qxf7+ Kh8 35. Bxh6 Ndf8 36. Qg7# {Black checkmated} 1-0

[Event "ICC Open 2015"]
[Site "Internet Chess Club"]
[Date "2015.05.30"]
[Round "1"]
[White "Piranha"]
[Black "Aladdin"]
[Result "0-1"]
[ICCResult "White forfeits on time"]
[WhiteElo "1705"]
[BlackElo "2383"]
[Opening "Vienna game"]
[ECO "C28"]
[NIC "VG.04"]
[Time "19:03:40"]
[TimeControl "180+0"]

1. e4 e5 2. Nc3 Nc6 3. Bc4 Nf6 4. d3 Bb4 5. Ne2 d5 6. exd5 Nxd5 7. Bd2 Nxc3
8. Nxc3 O-O 9. O-O Bf5 10. Kh1 Na5 11. Bb3 Nxb3 12. axb3 a6 13. f4 Re8 14.
Qf3 c6 15. Rad1 Bd6 16. fxe5 Rxe5 17. Bf4 Ra5 18. Bxd6 Qxd6 19. Ne4 Qd7 20.
b4 Re5 21. Qf4 Rae8 22. Ng3 Bg6 23. Qd2 Qe6 24. Rf2 f6 25. c3 Re3 26. d4 Qg4
27. Rdf1 Rd3 28. Qf4 Qxf4 29. Rxf4 Rde3 30. R4f2 Re1 31. Kg1 h5 32. Rxe1
Rxe1+ 33. Rf1 Re3 34. Rf2 h4 35. Nf5 Bxf5 36. Rxf5 Re2 37. Rf2 Re1+ 38. Rf1
Re4 39. Rf2 Kf7 40. Kf1 g5 41. Re2 Rf4+ 42. Ke1 f5 43. Kd2 Rg4 44. Rf2 Kf6
45. Ke2 Re4+ 46. Kd2 Re7 47. Re2 f4 48. Rxe7 Kxe7 49. Kd3 Kf6 50. Ke4 Kg6
51. h3 Kf6 {White forfeits on time} 0-1

[Event "ICC Open 2015"]
[Site "Internet Chess Club"]
[Date "2015.05.30"]
[Round "1"]
[White "Dark-Magician"]
[Black "tmunagala"]
[Result "1-0"]
[ICCResult "Black forfeits on time"]
[WhiteElo "2290"]
[BlackElo "1699"]
[Opening "Van't Kruijs opening"]
[ECO "A00"]
[Time "19:03:40"]
[TimeControl "180+0"]

1. e3 Nf6 2. b3 g6 3. Bb2 Bg7 4. Nf3 d6 5. Be2 O-O 6. O-O Nbd7 7. c4 e5 8.
Nc3 c6 9. d4 e4 10. Nd2 d5 11. Rc1 Re8 12. cxd5 cxd5 13. Nb5 Rf8 14. Ba3 a6
15. Bxf8 Qxf8 16. Nc3 b5 17. a4 b4 18. Na2 Rb8 19. Rc7 Qd6 20. Qc2 Ne8 21.
Rc6 Qe7 22. Bxa6 Bxa6 23. Rxa6 Nd6 24. Rc6 Nf8 25. Rc1 Ne6 26. a5 Bf8 27. a6
Qa7 28. Nf1 Rb5 29. Qe2 Rb8 30. Ng3 Kg7 31. h4 h5 32. Nf1 Qe7 33. g3 Qa7 34.
Qd2 Nb5 35. Qe2 Nd6 36. Nd2 Nb5 37. Nf1 Nd6 38. Nh2 Qe7 39. Qd2 Nb5 40. Qe2
Nd6 41. Kh1 Qd8 42. a7 Ra8 43. Ra6 Nc8 44. Qb5 Rxa7 45. Rxa7 Nxa7 46. Qa4
Qb8 47. Qa6 Nb5 48. Rc8 Qd6 49. Qxb5 g5 50. Qe2 g4 51. Nxg4 hxg4 52. Qxg4+
Kf6 53. Qh5 Ke7 54. Rc1 Kd7 55. Qxf7+ Qe7 56. Qf5 Qd6 57. Rc2 Qe7 58. Qxd5+
Qd6 59. Qxe4 Nxd4 60. exd4 Bg7 61. Rc5 Bxd4 62. Rd5 Be5 63. Qxe5 Kc7 64.
Qxd6+ Kc8 65. Rc5+ Kb7 66. Nc3 Ka8 67. Rc7 {Black forfeits on time} 1-0

[Event "ICC Open 2015"]
[Site "Internet Chess Club"]
[Date "2015.05.30"]
[Round "1"]
[White "brizito"]
[Black "Ricardov"]
[Result "0-1"]
[ICCResult "White forfeits on time"]
[WhiteElo "1643"]
[BlackElo "2314"]
[Opening "Queen's pawn game"]
[ECO "A46"]
[NIC "QP.06"]
[Time "19:03:12"]
[TimeControl "180+0"]

1. d4 Nf6 2. Nf3 c5 3. e3 cxd4 4. exd4 d5 5. Bd3 Nc6 6. O-O Bg4 7. c3 e6 8.
Bg5 Be7 9. h3 Bh5 10. Nbd2 O-O 11. Bf4 Bg6 12. Bxg6 hxg6 13. Re1 b5 14. a3
a5 15. Qe2 Qb6 16. a4 b4 17. Qb5 Qxb5 18. axb5 Nd8 19. cxb4 Bxb4 20. Rec1
Nb7 21. b6 Nd6 22. Bxd6 Bxd6 23. Rc6 Bb4 24. Nb3 Rfb8 25. Nc5 Ne4 26. b7
Rxb7 27. Nxb7 a4 28. Nc5 Nf6 29. b3 a3 30. Ne5 a2 31. Na4 Ne4 32. Rxa2 Nd2
33. Rxd2 Bxd2 34. Nc5 Bc3 35. Nf3 Ra1+ 36. Kh2 Bb2 37. Kg3 Bc1 38. Nd3 Bh6
39. Nde5 f6 40. Rc8+ Kh7 41. Nf7 g5 42. Rh8+ Kg6 43. Nxh6 gxh6 44. b4 h5 45.
b5 Rb1 46. Rb8 h4+ 47. Kh2 Kf5 48. b6 e5 49. b7 e4 50. Nxg5 Rb2 51. Nh7 Rb5
52. Nxf6 Rb6 53. Ne8 Ke6 {White forfeits on time} 0-1

[Event "ICC Open 2015"]
[Site "Internet Chess Club"]
[Date "2015.05.30"]
[Round "1"]
[White "druskacik"]
[Black "slothchess"]
[Result "1-0"]
[ICCResult "Black forfeits on time"]
[WhiteElo "2475"]
[BlackElo "1770"]
[Opening "Trompowsky attack (Ruth, Opocenský opening)"]
[ECO "A45"]
[NIC "QP.07"]
[Time "19:03:36"]
[TimeControl "180+0"]

1. d4 Nf6 2. Bg5 e6 3. Nd2 Be7 4. e4 O-O 5. Bd3 h6 6. Bxf6 Bxf6 7. Ngf3 d5
8. e5 Be7 9. O-O c5 10. c3 Nc6 11. Rc1 a6 12. Bb1 g6 13. Qe2 Kg7 14. Ne1
cxd4 15. f4 dxc3 16. bxc3 Rh8 17. Nef3 Bd7 18. Nb3 b5 19. Kh1 Rc8 20. Rfd1
Qb6 21. Qe1 Ba3 22. Rc2 Na5 23. Qh4 Nc4 24. Re2 Qd8 25. Qg3 Kf8 26. Nh4 Rg8
27. Qh3 Kg7 28. Nf3 Be7 29. Qg4 Na3 30. Bd3 Rxc3 31. Nfd4 Nc4 32. Bb1 Na3
33. Bd3 Nc4 34. h3 Qb6 35. Qg3 Kf8 36. Qe1 b4 37. Bb1 a5 38. Nf3 a4 39. Nbd4
Bc5 40. Qh4 h5 41. Qg5 Kg7 42. Qf6+ Kh7 43. Ng5+ Kh6 44. Nxf7+ Kh7 45. Ng5+
Kh6 46. Ngxe6 Bxe6 47. Nf5+ Kh7 48. Ne7 {Black forfeits on time} 1-0